 Dungeon Crawl Stone Soup version 0.29.1-15-g9cfb28693d (webtiles) character file.

Game seed: 8978677152752781555

52 Alturiack the Chopper (level 3, -1/33 HPs)
             Began as a Hill Orc Cinder Acolyte on Apr 12, 2023.
             Was a High Priest of Ignis.
             Slain by an orc
             ... wielding a +0 club
              (2 damage)
             ... on level 3 of the Dungeon.
             The game lasted 00:11:05 (3334 turns).

Alturiack the Chopper (Hill Orc Cinder Acolyte)     Turns: 3334, Time: 00:11:05

Health: -1/33      AC:  4    Str: 16    XL:     3   Next: 85%
Magic:  4/4        EV: 11    Int: 16    God:    Ignis [*****.]
Gold:   124        SH:  0    Dex:  6    Spells: 4/4 levels left

rFire   + . .      SeeInvis .   h - +2 mace (vorpal)
rCold   . . .      Faith    .   (no shield)
rNeg    . . .      Spirit   .   f - +0 leather armour
rPois   .          Reflect  .   (no helmet)
rElec   .          Harm     .   o - +0 cloak
rCorr   .          Rampage  .   (no gloves)
Will    .....                   (no boots)
Stlth   +.........              (no amulet)
HPRegen 0.11/turn               (no ring)
MPRegen 0.09/turn               (no ring)

@: no status effects
A: no striking features
a: Renounce Religion, Convert to Beogh, Fiery Armour, Foxfire Swarm, Rising
Flame


You were on level 3 of the Dungeon.
You worshipped Ignis.
Ignis was extremely pleased with you.
You visited 1 branch of the dungeon, and saw 3 of its levels.

You collected 124 gold pieces.

Inventory:

Hand Weapons
 a - a -1 hand axe of flaming
 h - a +2 vorpal mace (weapon)
Armour
 b - a +0 robe
 f - a +0 leather armour (worn)
 o - a +0 cloak (worn)
Scrolls
 c - a scroll of blinking {unknown}
 e - a scroll of brand weapon {unknown}
 j - a scroll of noise {unknown}
 k - 3 scrolls of identify {unknown}
 m - a scroll of teleportation {unknown}
 n - a scroll of torment {unknown}
Potions
 d - 2 potions of mutation {unknown}
 g - a potion of might {unknown}
 i - 2 potions of curing {unknown}
 l - a potion of degeneration {unknown}


   Skills:
 + Level 4.3 Fighting
 + Level 4.7 Axes
 + Level 1.7 Armour
 - Level 1.0 Spellcasting
 - Level 3.5 Fire Magic


You had 4 spell levels left.
You didn't know any spells.
Your spell library contained the following spells:

 Spells                   Type           Power      Damage    Failure   Level
 Scorch                   Fire           24%        2d6       10%         2
 Blink                    Tloc           0%         N/A       38%         2
 Dazzling Flash           Conj/Hex       0%         N/A       63%         3
 Lesser Beckoning         Tloc           0%         N/A       63%         3
 Corpse Rot               Necr/Pois/Air  0%         N/A       95%         4
 Dispel Undead            Necr           0%         3d6       95%         4
 Agony                    Necr           0%         N/A       100%        5
 Manifold Assault         Tloc           0%         N/A       100%        5
 Silence                  Hex/Air        0%         N/A       100%        5
 Death Channel            Necr           0%         N/A       100%        6


Dungeon Overview and Level Annotations

Branches:
Dungeon (3/15)

Altars:
Kikubaaqudgha


Message History

You kill the endoplasm!
There is a stone staircase leading up here.
HP restored.
An orc priest comes into view. It is wielding a +0 club.
The orc priest shouts, "Beogh is our master!
Accept the truth or die!" (press Y on the ability menu to convert to Beogh)
An orc priest is nearby!
You bow before the missionary of Beogh.
Unknown command.
You barely miss the orc priest.
The orc priest mumbles some strange prayers to Beogh against you.
Beogh smites you!
You hear a shout!
You barely miss the orc priest.
An orc comes into view.
It is wielding a +0 club and wearing a +1 chain mail of willpower.
The orc priest barely misses you.
An orc priest comes into view. It is wielding a +0 hand axe.
The orc priest casts a cantrip, but nothing happens.
You closely miss the orc priest.
The orc priest hits you but does no damage.
You hit the orc priest.
The orc priest is heavily wounded.
The orc priest hits you with a +0 club.
The orc priest shouts, "Join the one true god or die!"
You hit the orc priest.
The orc priest shouts, "Beogh is our master!
Accept the truth or die!"
The orc priest is almost dead.
You barely miss the orc priest.
The orc priest is almost dead.
The orc priest misses you. The orc hits you with a +0 club.
The orc priest invokes the aid of Beogh against you.
Beogh smites you!
* * * LOW HITPOINT WARNING * * *
The orc attacks as you move away! The orc hits you with a +0 club.
* * * LOW HITPOINT WARNING * * *
You see here 7 gold pieces.
You hit the orc.
The orc is heavily wounded.
The orc hits you with a +0 club.
You die...

##. .. .. ..
#..#. ###..#.#
......o.
#..#_## # #
#..o..##.# ..
#...#o...# ..
##...@.##.#
#.##......##.#
#............#
####......####
##<...##
##.#.# ###.#
#.# ..#


You could see an orc priest and an orc.

Vanquished Creatures
  3 dart slugs (D:1)
  5 ball pythons
  6 endoplasms
  2 giant cockroaches
  4 goblins
  5 hobgoblins
  4 quokkas
  3 bats
  3 frilled lizards
  3 kobolds (D:2)
  3 rats
41 creatures vanquished.

Notes
Turn   | Place    | Note
-------+----------+-------------------------------------------
     0 | D:1      | Alturiack the Hill Orc Cinder Acolyte began the quest for
                  | the Orb.
     0 | D:1      | Reached XP level 1. HP: 19/19 MP: 2/2
   268 | D:1      | Reached XP level 2. HP: 20/27 MP: 3/3
   516 | D:1      | Reached skill level 1 in Armour
   796 | D:1      | Reached XP level 3. HP: 33/33 MP: 4/4
  3202 | D:3      | Found an ancient bone altar of Kikubaaqudgha.
  3333 | D:3      | HP: 1/33 [orc/+0 club (3)]
  3334 | D:3      | Slain by an orc

Illustrated notes

Levels and vault maps discovered:
D:1:      saegor_arrival_simple_b, layout_loops_ring,
          ebering_dispersal_statue_hall
D:2:      layout_basic, chequers_serial_rivers_small_3, minivault_19
D:3:      layout_loops_ring, overflow_temple_1_default,
          grunt_ashenzari_visionary [grunt_ashenzari_visionary_swamp,
          grunt_ashenzari_visionary_spider],
          hellmonk_ecumenical_altar_crossroads, uniq_natasha, uniq_terence

Skill      XL: |  1  2 |
---------------+-------+-----
Armour         | 1 |  1.7
Fighting       | 4 |  4.3
Axes           | |  4.7
Spellcasting   | |  1.0
Fire Magic     | |  3.5

Action                   || total
-------------------------++-------
Melee: Hand axe          ||    57
       Mace              ||    53
Armor: Robe              ||     3
       Leather armour    ||    34
Dodge: Dodged            ||    95
